 Dungeon Crawl Stone Soup version 0.31-a0-321-g19405a7a6a (webtiles) character file.

Game seed: 16286109537065943386

18 marky1606 the Changeling (level 2, 0/9 HPs)
             Began as a Demonspawn Shapeshifter on July 17, 2023.
             Constricted to death by a ball python (1 damage)
             ... on level 2 of the Dungeon.
             The game lasted 00:03:03 (909 turns).

marky1606 the Changeling (Demonspawn Shapeshifter)   Turns: 909, Time: 00:03:03

Health: 0/9        AC:  0    Str: 15    XL:     2   Next: 48%
Magic:  2/2        EV:  9    Int:  9    God:
Gold:   64         SH:  0    Dex: 13    Spells: 1/1 levels left

rFire   . .          .
                       - Unarmed
rCold   . . .        (shield currently unavailable)
rNeg    . . .        a - +0 animal skin
rPois   .            (no helmet)
rElec   .            (no cloak)
rCorr   .            (gloves currently unavailable)
SInv    .            (no boots)
Will    .....        (no amulet)
Stlth   +            (no ring)
HPRegen 0.21/turn    (no ring)
MPRegen 0.08/turn

%: no passive effects
@: blade hands, constricted
A: reduced hp, powered by pain 1
a: Begin Untransformation


You were on level 2 of the Dungeon.
You had blades for hands.
You visited 1 branch of the dungeon, and saw 2 of its levels.

You collected 64 gold pieces.

Inventory:

Armour
 a - a +0 animal skin (worn)
Talismans
 c - a beast talisman
 f - a blade talisman
Scrolls
 d - a scroll of identify
 e - a scroll of teleportation {unknown}
Potions
 b - a potion of lignification


   Skills:
 + Level 2.1 Fighting
 + Level 1.8 Dodging
 + Level 2.0 Unarmed Combat
 * Level 3.1 Shapeshifting


You had one spell level left.
You didn't know any spells.
Your spell library was empty.

Dungeon Overview and Level Annotations

Branches:
Dungeon (2/15)

Altars:


Innate Abilities, Weirdness & Mutations

You have blades for hands.
Your maximum health is decreased, since you lack skill for your form.
Your spellcasting is less reliable in this form.
You are incapable of wielding weapons or throwing items.
You sometimes gain a little power by taking damage.


Message History

The ball python hisses angrily.
You slice the ball python!!
You kill the ball python!
You see here a ball python corpse.
A goblin and a rat come into view.
Found a scroll labelled PESTUCWITHAGOR.
The ball python hisses angrily.
A frilled lizard comes into view.
A goblin comes into view. It is wielding a +0 club.
The frilled lizard hisses angrily.
The goblin shouts! x2
The rat bites you.
You barely miss the rat. The rat barely misses you.
You barely miss the rat. The rat bites you. The rat closely misses you.
The rat twitches its whiskers.
The ball python attacks as you move away!
The ball python bites you.
* * * LOW HITPOINT WARNING * * *
The ball python attacks as you move away!
The ball python completely misses you. The ball python misses you.
The ball python grabs you. The ball python constricts you.
You escape the ball python's grasp.
You see here 7 stones.
The ball python attacks as you move away!
The ball python barely misses you. The ball python closely misses you.
A hobgoblin comes into view.
The hobgoblin moves out of view.
The ball python attacks as you move away!
The ball python barely misses you. x2; The ball python grabs you.
The ball python constricts you.
* * * LOW HITPOINT WARNING * * *
You see here a quokka corpse.
You closely miss the ball python. The ball python completely misses you.
The ball python constricts you.
* * * LOW HITPOINT WARNING * * *
You closely miss the ball python. The ball python bites you.
* * * LOW HITPOINT WARNING * * *
The ball python constricts you.
You die...

.........##.####...#####.
......##.#.........>.....
......##................
.(.....#.#.............
.....rglg##..##....#
......†.S.#.##....†#
####....##(#...#..†#
#...##..##glS...#
#...$....#.##@..###
#.#####....#......## ...#
..###..#........# #####
#g###...#..#.###.# ...
#............. ###
##...##.#....
##.###..##.#.###..
..................
##.######........#


You could see a goblin, a ball python and a frilled lizard.

Vanquished Creatures
  A dart slug (D:2)
  A giant cockroach (D:2)
  A hobgoblin (D:1)
  A quokka (D:2)
  6 ball pythons
  2 frilled lizards
  3 kobolds
  2 rats (D:1)
17 creatures vanquished.

Notes
Turn   | Place    | Note
-------+----------+-------------------------------------------
     0 | D:1      | marky1606 the Demonspawn Shapeshifter began the quest for
                  | the Orb.
     0 | D:1      | Reached XP level 1. HP: 16/16 MP: 1/1
   471 | D:1      | Found a faded altar of an unknown god.
   500 | D:1      | Gained mutation: You sometimes gain a little power by
                  | taking damage. [demonic ancestry]
   500 | D:1      | Reached XP level 2. HP: 4/22 MP: 2/2
   801 | D:2      | Reached skill level 3 in Shapeshifting
   909 | D:2      | Constricted to death by a ball python

Illustrated notes

Levels and vault maps discovered:
D:1:      ncdulo_halloftheorcs, layout_loops_ring,
          nicolae_ecumenical_snake_handling
D:2:      layout_loops_cross, minmay_tetromino_s4

Skill      XL: |  1  2 |
---------------+-------+-----
Unarmed Combat | 2 |  2.0
Shapeshifting  | 3 |  3.1
Fighting       | |  2.1
Dodging        | |  1.8

Action                     || total
---------------------------++-------
  Melee: Unarmed           ||    41
         Punch             ||     1
    Use: Potion            ||     2
         Scroll            ||     1
  Dodge: Dodged            ||    27
   Form: Blade             ||     1

Table legend: (Time is in decaauts)
 A = Elapsed time spent in this place.
 B = Non-inter-level travel time spent in this place.
 C = Inter-level travel time spent in this place.
 D = Time resting spent in this place.
 E = Time spent auto-exploring this place.
 F = Levels seen in this place.
 G = Mean time per level.
                   A        B        C        D        E       F      G
               +--------+--------+--------+--------+--------+-----+--------+
         Total |    906 |    887 |     19 |      0 |    704 |   2 |  453.0 |
       Dungeon |    906 |    887 |     19 |      0 |    704 |   2 |  453.0 |
               +--------+--------+--------+--------+--------+-----+--------+

Top non-repeatable levels by time:
     D:1: 795 daAuts
     D:2: 111 daAuts
